 Dungeon Crawl Stone Soup version 0.26.1-11-gd32895ea62 (webtiles) character file.

Game seed: 3630045188756452437

341 dtburroughs the Skirmisher (level 6, -24/84 HPs)
             Began as a Minotaur Berserker on June 28, 2021.
             Was a Believer of Trog.
             Annihilated by a two-headed ogre
             ... wielding a +0 giant spiked club
              (25 damage)
             ... on level 4 of the Dungeon on June 29, 2021.
             The game lasted 00:05:49 (3694 turns).

dtburroughs the Skirmisher (Minotaur Berserker)     Turns: 3694, Time: 00:05:49

Health: -24/84     AC: 13    Str: 22    XL:     6   Next: 30%
Magic:  5/5        EV:  8    Int:  6    God:    Trog [**....]
Gold:   168        SH:  0    Dex:  9    Spells: 5/5 levels left

rFire    . . .     SeeInvis .   v - +0 war axe
rCold    . . .     Faith    .   (no shield)
rNeg     . . .     Spirit   .   c - +0 plate armour
rPois    .         Reflect  .   (helmet restricted)
rElec    .         Harm     .   (no cloak)
rCorr    .         Rampage  .   n - +0 pair of gloves
Will     ++...                  l - -1 pair of boots (curse)
Stlth    ..........             (no amulet)
HPRegen  1.24/turn              (no ring)
MPRegen  0.09/turn              (no ring)

@: berserking, regenerating, very quick
A: retaliatory headbutt, horns 2
a: Renounce Religion, Berserk, Trog's Hand


You were on level 4 of the Dungeon.
You worshipped Trog.
Trog was pleased with you.
You visited 1 branch of the dungeon, and saw 4 of its levels.

You collected 168 gold pieces.

Inventory:

Hand Weapons
 v - a +0 war axe (weapon)
Armour
 c - a +0 plate armour (worn)
 l - a cursed -1 pair of boots (worn)
 n - a +0 pair of gloves (worn)
Jewellery
 j - an uncursed amulet of the acrobat {unknown}
Wands
 r - a wand of iceblast (8)
 s - a wand of flame (17)
Scrolls
 b - 3 scrolls of teleportation {unknown}
 d - a scroll of random uselessness {unknown}
 e - 5 scrolls of remove curse {unknown}
 k - 4 scrolls of identify {unknown}
 m - a scroll of magic mapping {unknown}
 p - a scroll of amnesia {unknown}
 q - 3 scrolls of fear {unknown}
Potions
 f - 3 potions of curing {unknown}
 g - a potion of degeneration {unknown}
 h - 2 potions of berserk rage {unknown}
 i - a potion of haste {unknown}
 o - a potion of attraction {unknown}
 t - a potion of resistance
 u - a potion of heal wounds {unknown}


   Skills:
 + Level 5.3 Fighting
 + Level 5.2 Axes
 + Level 4.5 Armour
 + Level 4.1 Dodging
 + Level 0.1 Evocations


You had 5 spell levels left.
You didn't know any spells.
Your spell library was empty.

Dungeon Overview and Level Annotations

Branches:
Dungeon (4/15)
 Temple: D:4-7

Altars:
Elyvilon
Makhleb
Zin


Innate Abilities, Weirdness & Mutations

You reflexively headbutt those who attack you in melee.
You have a pair of horns on your head.


Message History

You slash the worm!
You kill the worm!
Trog accepts your kill.
The two-headed ogre hits you with a +0 giant spiked club!
* * * LOW HITPOINT WARNING * * *
The two-headed ogre hits you but does no damage.
You hit the two-headed ogre.
The two-headed ogre is moderately wounded.
You barely miss the two-headed ogre. You headbutt the two-headed ogre!!
The two-headed ogre is severely wounded.
The two-headed ogre hits you with a +0 giant spiked club!
* * * LOW HITPOINT WARNING * * *
The two-headed ogre hits you with a +0 giant club.
* * * LOW HITPOINT WARNING * * *
You slash the two-headed ogre!
The two-headed ogre is severely wounded.
The two-headed ogre hits you with a +0 giant spiked club!
* * * LOW HITPOINT WARNING * * *
The two-headed ogre hits you with a +0 giant club!!
You die...

#...##...#.....#
#....#...'.....#
#....#...#<....#
#... #...#.....#
#...#.....#
#...#.....#
+...#.....#
#####.....#
#..@..+ #..O†.#
#.....# #.....#
#.....# #.....#
#...[.# #.....#


You could see a two-headed ogre.

Vanquished Creatures
  A phantom (D:2)
  An orc wizard (D:3)
  An orc priest (D:3)
  Ijyb (D:3)
  5 adders
  2 oozes
  3 worms (D:4)
  2 dart slugs (D:2)
  6 leopard geckos
  12 orcs
  3 giant cockroaches (D:2)
  6 goblins
  10 hobgoblins
  4 jackals
  A quokka (D:2)
  13 bats
  4 frilled lizards
  10 kobolds
  9 rats
94 creatures vanquished.

Notes
Turn   | Place    | Note
-------+----------+-------------------------------------------
     0 | D:1      | dtburroughs the Minotaur Berserker began the quest for the
                  | Orb.
     0 | D:1      | Reached XP level 1. HP: 19/19 MP: 0/0
   192 | D:1      | Reached XP level 2. HP: 25/27 MP: 1/1
   881 | D:2      | Reached XP level 3. HP: 33/33 MP: 2/2
  1132 | D:2      | Reached ** piety under Trog
  1151 | D:2      | Noticed a phantom
  1243 | D:2      | Killed a phantom
  1244 | D:2      | Reached XP level 4. HP: 18/41 MP: 3/3
  1244 | D:2      | Reached XP level 5. HP: 21/47 MP: 4/4
  2450 | D:3      | Reached skill level 5 in Fighting
  2450 | D:3      | Reached skill level 5 in Axes
  2674 | D:3      | Noticed Ijyb
  2689 | D:3      | Killed Ijyb
  2810 | D:3      | Reached XP level 6. HP: 56/56 MP: 5/5
  3384 | D:4      | Reached *** piety under Trog
  3579 | D:4      | Found a white marble altar of Elyvilon.
  3579 | D:4      | Found a faded altar of an unknown god.
  3585 | D:4      | Found a glowing silver altar of Zin.
  3587 | D:4      | Found a faded altar of an unknown god.
  3589 | D:4      | Found a burning altar of Makhleb.
  3683 | D:4      | Noticed a two-headed ogre
  3694 | D:4      | HP: 1/84 [two-headed ogre/+0 giant spiked club (13)]
  3694 | D:4      | Annihilated by a two-headed ogre

Illustrated notes

Levels and vault maps discovered:
D:1:      lemuel_arrival_rhombus, layout_basic
D:2:      minmay_chambers_of_twos, layout_basic, serial_co_window_serial,
          co_window_of_opportunity_a, co_window_paths_a, co_window_paths_a,
          co_window_paths_a, co_window_paths_b, co_window_unsneaky_path_e,
          co_window_corner_b, co_window_broadway_a, co_window_unsneaky_path_d,
          co_window_of_opportunity_c, glass_columns_a, glass_columns_b,
          glass_columns_b, glass_columns_a
D:3:      layout_basic, uniq_ijyb
D:4:      layout_gridville, chequers_temple_overflow_minitemple,
          cheibrodos_sewer_entry_bend, uniq_grinder

Skill      XL: |  1  2  3  4  5  6 |
---------------+-------------------+-----
Axes           | 4 5 |  5.2
Fighting       | 4 5 |  5.3
Armour         | 3 4 |  4.5
Dodging        | 3 4 |  4.1
Evocations     | |  0.1

Action                   |  1- 3 |  4- 6 || total
-------------------------+-------+-------++-------
Melee: Hand axe          |   139 |   106 ||   245
       Headbutt          |    14 |    22 ||    36
       War axe           |       |    31 ||    31
Invok: Trog's Hand       |       |     3 ||     3
       Berserk           |       |     1 ||     1
Armor: Plate armour      |   104 |   105 ||   209
Dodge: Dodged            |    63 |    59 ||   122
